 Dungeon Crawl Stone Soup version 0.31.0-9-g3a7656b989 (webtiles) character file.

Game seed: 13915841108152576487

11776 Arcadio the Grappler (level 11, -11/113 HPs)
             Began as a Troll Gladiator on Jan 24, 2024.
             Was a Believer of Qazlal.
             Mangled by a skyshark (16 damage)
             ... on level 2 of the Lair of Beasts.
             The game lasted 00:18:07 (9516 turns).

Arcadio the Grappler (Troll Gladiator)              Turns: 9516, Time: 00:18:09

Health: -11/113    AC:  9    Str: 28    XL:     11   Next: 53%
Magic:  0/15       EV: 12    Int:  4    God:    Qazlal [**....]
Gold:   685        SH:  3    Dex: 11    Spells: 10/10 levels left

rFire   . .          .
                       - Unarmed
rCold   . . .        (no shield)
rNeg    . . .        r - +1 troll leather armour
rPois   .            R - +2 hat
rElec   .            i - +0 cloak
rCorr   .            (gloves unavailable)
SInv    .            (boots unavailable)
Will    .....        F - amulet of guardian spirit
Stlth   +            (no ring)
HPRegen 1.98/turn    (no ring)
MPRegen 0.14/turn

%: guardian spirit
@: no status effects
A: large, unfitting armour, claws 3, regeneration 1, shaggy fur 1, tough skin 1
a: Renounce Religion, Upheaval


You were on level 2 of the Lair of Beasts.
You worshipped Qazlal.
Qazlal was pleased with you.
You visited 3 branches of the dungeon, and saw 13 of its levels.
You also visited: Bailey.

You collected 685 gold pieces.

Inventory:

Hand Weapons
 d - a +4 flail of holy wrath
Missiles
 c - 3 throwing nets
 u - a large rock (quivered)
Armour
 a - a +0 robe
 b - a +0 hat
 i - a +0 cloak (worn)
 o - a +1 hat
 r - a +1 troll leather armour (worn)
 R - a +2 hat (worn)
Jewellery
 F - an amulet of guardian spirit (around neck)
 O - a +6 ring of strength
 S - a +5 ring of evasion
Wands
 y - a wand of mindburst (12)
 E - a wand of flame (5)
 J - a wand of iceblast (1)
 P - a wand of polymorph (2)
Scrolls
 f - a scroll of brand weapon {unknown}
 g - 3 scrolls of poison
 j - a scroll of torment {unknown}
 n - 3 scrolls of vulnerability
 q - 3 scrolls of immolation
 s - a scroll of teleportation
 t - 2 scrolls of noise
 z - a scroll of enchant weapon {unknown}
 C - a scroll of enchant armour
 D - a scroll of butterflies {unknown}
 H - a scroll of acquirement {unknown}
 I - a scroll of fog
 N - a scroll of blinking {unknown}
 Q - a scroll of fear {unknown}
Potions
 e - a potion of berserk rage {unknown}
 h - a potion of cancellation {unknown}
 k - 5 potions of lignification
 l - 2 potions of attraction
 m - 5 potions of heal wounds {unknown}
 p - 5 potions of mutation {unknown}
 v - 6 potions of haste
 w - 6 potions of curing {unknown}
 x - a potion of enlightenment {unknown}
 A - a potion of ambrosia {unknown}
 B - 2 potions of brilliance {unknown}
 G - 3 potions of degeneration {unknown}
 K - 3 potions of might {unknown}
 L - 2 potions of magic {unknown}
 M - 2 potions of invisibility {unknown}


   Skills:
 + Level 8.4 Fighting
 - Level 1.7 Throwing
 + Level 8.6 Dodging
 + Level 10.2 Unarmed Combat
 + Level 7.0 Invocations


You had 10 spell levels left.
You didn't know any spells.
Your spell library contained the following spells:

 Spells                   Type           Power      Damage    Failure   Level
 Magic Dart               Conj           0%         1d3       54%         1
 Slow                     Hex            0%         N/A       54%         1
 Summon Small Mammal      Summ           0%         N/A       54%         1
 Blink                    Tloc           0%         N/A       67%         2
 Call Imp                 Summ           0%         N/A       67%         2
 Ensorcelled Hibernation  Hex/Ice        0%         N/A       67%         2
 Lesser Beckoning         Tloc           0%         N/A       67%         2
 Mercury Vapours          Alch/Air       0%         N/A       67%         2
 Call Canine Familiar     Summ           0%         N/A       88%         3
 Confusing Touch          Hex            0%         N/A       88%         3
 Gell's Gravitas          Tloc           0%         N/A       88%         3
 Mephitic Cloud           Conj/Alch/Air  0%         N/A       88%         3
 Passwall                 Erth           0%         N/A       88%         3
 Sigil of Binding         Hex            0%         N/A       88%         3
 Swiftness                Air            0%         N/A       88%         3
 Teleport Other           Tloc           0%         N/A       88%         3
 Vampiric Draining        Necr           0%         2d6       88%         3
 Summon Blazeheart Golem  Fire/Summ      0%         N/A       99%         4
 Freezing Cloud           Conj/Ice/Air   0%         6-21      100%        5


Dungeon Overview and Level Annotations

Branches:
Dungeon (10/15)            Temple (1/1) D:6            Lair (2/5) D:10
 Bailey (visited)
  Swamp: Lair:2-3    Shoals: Lair:2-3     Snake: Lair:2-3    Spider: Lair:2-3
    Orc: D:9-12

Altars:
Ashenzari
Cheibriados
Dithmenos
Elyvilon
Fedhas
Gozag
Hepliaklqana
Kikubaaqudgha
Makhleb
Nemelex Xobeh
Okawaru
Qazlal
Ru
Sif Muna
Trog
Uskayaw
Vehumet
Wu Jian
Xom
Yredelemnul
Zin
The Shining One


Innate Abilities, Weirdness & Mutations

You are too large for most types of armour.
You have claws for hands.
Your natural rate of healing is unusually fast.
You are covered in fur. (AC +1)
You have tough skin. (AC +1)


Message History

The skyshark is heavily wounded.
The skyshark is engulfed in blazing flames.
The skyshark completely misses you. The skyshark barely misses you.
You block the skyshark's attack.
You claw the skyshark!
The skyshark is severely wounded.
The skyshark is engulfed in blazing flames.
The skyshark barely misses you. The skyshark closely misses you.
The skyshark tail-slaps you.
The skyshark is engulfed in blazing flames.
The skyshark closely misses you. The skyshark tail-slaps you.
The skyshark tail-slaps you but does no damage.
You barely miss the skyshark.
The skyshark is almost dead.
The skyshark bites you!! The skyshark tail-slaps you. The skyshark misses you.
You closely miss the skyshark.
The skyshark is almost dead.
The skyshark bites you!! The skyshark tail-slaps you! x2
Aiming: Upheaval
Press: ? - help, Dir - move target, f/p - skyshark
Aim: a skyshark (almost dead, berserk)
Okay, then.
Okay, then.
You barely miss the skyshark. You claw the skyshark.
The skyshark is almost dead.
The skyshark bites you!!
* * * LOW HITPOINT WARNING * * *
The skyshark tail-slaps you.
* * * LOW HITPOINT WARNING * * *
The skyshark tail-slaps you.
* * * LOW HITPOINT WARNING * * *
Aiming: Throw Flame
Press: ? - help, Shift-Dir - straight line, f/p - skyshark
Aim: a skyshark (almost dead, berserk, 77% to hit)
The puff of flame hits the skyshark.
The skyshark is almost dead.
The skyshark bites you but does no damage.
The skyshark tail-slaps you but does no damage.
The skyshark completely misses you. The skyshark bites you!
You die...

#.............#
#.....†.......#
...##.<...........##
.....................
#....................
.....................
#....................
#.............○......
............§@...<...
.............F.......
......#.###.........
...## #......... ..
#......... #.........
#......... #.........


You could see a skyshark (berserk).

Vanquished Creatures
  Erica (D:10)
  Pikel (D:7)
  An orc knight (Bailey)
  3 elephants (Lair:1)
  A komodo dragon (Lair:1)
  2 trolls
  4 blink frogs (Lair:1)
  3 slime creatures
  2 vampires
  2 wyverns
  2 wraiths (D:10)
  20 yaks
  A steam dragon (D:9)
  Menkaure (D:4)
  Edmund (D:4)
  A water moccasin (Lair:1)
  2 sky beasts (D:6)
  A black bear (D:7)
  An ogre (D:7)
  3 centaurs
  A phantom (D:4)
  Blork the orc (D:5)
  3 bullfrogs
  2 kobold brigands
  3 scorpions
  A gnoll sergeant (D:10)
  9 wights (D:8)
  10 killer bees (D:9)
  An electric eel (D:7)
  2 howler monkeys
  3 jellies
  2 bombardier beetles
  An orc priest (D:7)
  A gnoll bouda (D:6)
  2 hounds
  4 iguanas
  A sleepcap (D:6)
  Natasha (thrice) (D:4)
  An orc wizard (D:4)
  4 adders
  16 gnolls
  2 ufetubi (D:5)
  4 ribbon worms
  30 orcs
  7 bats
  8 endoplasms
  4 giant cockroaches
  9 goblins
  9 hobgoblins
  9 jackals
  14 kobolds
  7 quokkas
  6 ball pythons
  6 frilled lizards
  7 rats
246 creatures vanquished.

Notes
Turn   | Place    | Note
-------+----------+-------------------------------------------
     0 | D:1      | Arcadio the Troll Gladiator began the quest for the Orb.
     0 | D:1      | Reached XP level 1. HP: 19/19 MP: 0/0
   173 | D:1      | Reached XP level 2. HP: 28/28 MP: 1/1
   390 | D:1      | Reached XP level 3. HP: 35/35 MP: 2/2
  1277 | D:2      | Reached XP level 4. HP: 44/44 MP: 3/3
  1900 | D:3      | Reached skill level 4 in Unarmed Combat
  1933 | D:3      | Noticed a scorpion
  1942 | D:3      | Killed a scorpion
  1943 | D:3      | Reached XP level 5. HP: 45/53 MP: 4/4
  2191 | D:3      | Found a sacrificial altar of Ru.
  2319 | D:3      | Found a blossoming altar of Fedhas.
  2455 | D:4      | Noticed Natasha
  2464 | D:4      | Killed Natasha
  2536 | D:4      | Noticed Natasha
  2552 | D:4      | Killed Natasha
  2553 | D:4      | Reached XP level 6. HP: 32/61 MP: 5/5
  2581 | D:4      | Noticed Edmund
  2596 | D:4      | Killed Edmund
  2676 | D:4      | Noticed Menkaure
  2835 | D:4      | Killed Menkaure
  2836 | D:4      | Reached skill level 5 in Unarmed Combat
  2836 | D:4      | Reached XP level 7. HP: 46/68 MP: 6/6
  2887 | D:4      | Noticed Natasha
  2892 | D:4      | Killed Natasha
  3464 | D:5      | Entered Level 5 of the Dungeon
  3480 | D:5      | Noticed Blork the orc
  3495 | D:5      | Killed Blork the orc
  3798 | D:5      | Reached skill level 6 in Unarmed Combat
  3878 | D:5      | Reached skill level 5 in Dodging
  3878 | D:5      | Reached XP level 8. HP: 79/79 MP: 7/7
  4049 | D:5      | Found a white marble altar of Elyvilon.
  4057 | D:5      | Became a worshipper of Elyvilon the Healer
  4453 | D:6      | Reached skill level 5 in Fighting
  4580 | D:6      | Found a staircase to the Ecumenical Temple.
  4586 | D:6      | Reached * piety under Elyvilon
  4588 | Temple   | Entered the Ecumenical Temple
  4604 | Temple   | Fell from the grace of Elyvilon
  4604 | Temple   | Became a worshipper of Qazlal Stormbringer
  4952 | D:6      | Reached skill level 1 in Invocations
  5207 | D:7      | Found a broken altar of Ashenzari.
  5371 | D:7      | Reached skill level 7 in Unarmed Combat
  5495 | D:7      | Noticed a slime creature
  5495 | D:7      | Noticed a slime creature
  5510 | D:8      | Killed a slime creature
  5562 | D:6      | Killed a slime creature
  5563 | D:6      | Reached XP level 9. HP: 67/89 MP: 6/9
  5765 | D:7      | Noticed Pikel
  5779 | D:7      | Killed Pikel
  6066 | D:8      | Reached skill level 8 in Unarmed Combat
  6091 | D:8      | Reached * piety under Qazlal
  6097 | D:8      | Reached XP level 10. HP: 44/100 MP: 4/12
  6378 | D:8      | Found a sparkling altar of Nemelex Xobeh.
  6378 | D:8      | Noticed a two-headed ogre
  6694 | D:9      | Reached skill level 5 in Invocations
  6797 | D:9      | Reached skill level 9 in Unarmed Combat
  6858 | D:9      | Reached ** piety under Qazlal
  6882 | D:9      | Found a flagged portal.
  6891 | Bailey   | Entered a bailey
  7106 | Bailey   | Noticed an orc knight
  7109 | Bailey   | Killed an orc knight
  7808 | D:10     | Entered Level 10 of the Dungeon
  7838 | D:10     | Identified the +3 leather armour "Home" {Int+3 Dex+3}
  8025 | D:10     | Noticed Erica
  8040 | D:10     | Killed Erica
  8096 | D:10     | Reached XP level 11. HP: 111/111 MP: 14/14
  8229 | D:10     | Found a staircase to the Lair.
  8534 | Lair:1   | Entered Level 1 of the Lair of Beasts
  8768 | Lair:1   | Reached skill level 10 in Unarmed Combat
  9503 | Lair:2   | Noticed a skyshark
  9515 | Lair:2   | HP: 3/113 [skyshark (4)]
  9516 | Lair:2   | Mangled by a skyshark

Illustrated notes

Levels and vault maps discovered:
D:1:      psy_arrival_fountain, layout_basic, item_on_display_a
D:2:      kennysheep_big_flooded_room, layout_basic, minmay_split_cup_small
D:3:      layout_loops_ring, nicolae_overflow_hidden_temple,
          nicolae_ru_path_of_blood, solitary_fountain,
          chequers_serial_rivers_room_b, chequers_serial_rivers_large_a
D:4:      layout_gridville, uniq_natasha, uniq_edmund, uniq_menkaure
D:5:      layout_gridville, elyvilon_altar_3, uniq_blork_the_orc
D:6:      layout_rooms, minmay_temple_entry_stoned_glass
D:7:      statuecave_lemuel, layout_gridville,
          mainiacjoe_overflow_small_starburst, uniq_pikel
D:8:      layout_basic, nemelex_diamond_rough_becter, gammafunk_ghost_arena
D:9:      layout_loops_corners, enter_bailey_6
D:10:     layout_roguey, lair_entry_dummy, uniq_erica
Temple:   nicolae_temple_bog_church
Lair:1:   layout_roguey
Lair:2:   layout_small_grid, nicolae_spider_entry_orb_guardian, enter_volcano_2

Skill      XL: |  1  2  3  4  5  6  7  8  9 10 11 |
---------------+----------------------------------+-----
Fighting       | 2 3 4 5 6 7 8 |  8.4
Dodging        | 3 4 5 6 8 |  8.6
Unarmed Combat | 4 5 6 7 8 9 10 | 10.2
Invocations    | 2 4 6 7 |  7.0
Throwing       | |  1.7

Action                     |  1- 3 |  4- 6 |  7- 9 | 10-12 || total
---------------------------+-------+-------+-------+-------++-------
  Melee: Unarmed           |   135 |    99 |   263 |   311 ||   808
         Punch             |     2 |     6 |    10 |    15 ||    33
  Throw: Large rock        |       |     2 |       |       ||     2
 Invoke: Upheaval          |       |       |       |     3 ||     3
  Evoke: Wand              |       |       |       |     4 ||     4
    Use: Scroll            |       |       |     5 |     5 ||    10
   Stab: Sleeping          |       |     1 |     1 |       ||     2
 Armour: Robe              |    89 |    75 |   189 |    85 ||   438
         Troll leather arm |       |       |       |   144 ||   144
  Dodge: Dodged            |    86 |    56 |   135 |   183 ||   460
  Block: Other             |       |       |       |    32 ||    32
